 Dungeon Crawl Stone Soup version 0.31-a0-596-g831eee08f1 (webtiles) character file.

Game seed: 4898259141678325975

208 BubbleThief the Ruffian (level 5, -1/36 HPs)
             Began as an Octopode Shapeshifter on Aug 21, 2023.
             Slain by a lemure (7 damage)
             ... led by Pikel
             ... on level 4 of the Dungeon.
             The game lasted 00:04:44 (3133 turns).

BubbleThief the Ruffian (Octopode Shapeshifter)     Turns: 3133, Time: 00:04:44

Health: -1/36      AC: -7    Str: 17    XL:     5   Next: 86%
Magic:  5/5        EV: 14    Int: 10    God:
Gold:   246        SH:  0    Dex: 12    Spells: 4/4 levels left

rFire   . .          .
                       - Unarmed
rCold   . . .        (no shield)
rNeg    . . .        (helmet currently unavailable)
rPois   .            (no amulet)
rElec   .            (no ring)
rCorr   .            (no ring)
SInv    .            (no ring)
Will    .....        (no ring)
Stlth   ++           (no ring)
HPRegen 0.26/turn    (no ring)
MPRegen 0.09/turn    (no ring)
                     (no ring)

%: no passive effects
@: beast-form, corroded
A: beast (slay +2), almost no armour, amphibious, 8 rings, camouflage 1,
gelatinous body 1, (nimble swimmer 1), tentacles
a: Begin Untransformation


You were on level 4 of the Dungeon.
You were a hulking beast.
You visited 1 branch of the dungeon, and saw 4 of its levels.
You also visited: Sewer.

You collected 246 gold pieces.

Inventory:

Talismans
 b - a beast talisman (active)
 c - a flux talisman
Scrolls
 d - 6 scrolls of teleportation
 f - a scroll of blinking {unknown}
 g - a scroll of vulnerability
 h - a scroll of fog
 k - 3 scrolls of identify
 n - a scroll of brand weapon {unknown}
Potions
 a - 2 potions of lignification
 e - a potion of haste {unknown}
 i - 3 potions of curing
 j - a potion of resistance {unknown}
 l - a potion of ambrosia {unknown}
 m - 3 potions of heal wounds
 o - 2 potions of magic {unknown}


   Skills:
 + Level 3.3 Fighting
 + Level 3.6 Dodging
 + Level 4.3 Unarmed Combat
 - Level 3.0 Shapeshifting


You had 4 spell levels left.
You didn't know any spells.
Your spell library contained the following spells:

 Spells                   Type           Power      Damage    Failure   Level
 Foxfire                  Conj/Fire      0%         2x1d4     36%         1
 Scorch                   Fire           0%         2d5       50%         2
 Sublimation of Blood     Necr           0%         N/A       50%         2
 Wereblood                Tmut           0%         N/A       50%         2
 Ignite Poison            Fire/Tmut/Pois 0%         N/A       75%         3
 Inner Flame              Hex/Fire       0%         N/A       75%         3
 Summon Hydra             Summ           0%         N/A       100%        7


Dungeon Overview and Level Annotations

Branches:
Dungeon (4/15)              Sewer (visited)
 Temple: D:4-7

Altars:
Okawaru
Uskayaw

Annotations:
D:3 Grinder


Innate Abilities, Weirdness & Mutations

You are a hulking beast.
Your limbs bulge with bestial killing power. (Slay +2)
You cannot wear most types of armour.
You are amphibious.
You can wear up to eight rings at the same time.
Your skin changes colour to match your surroundings (Stealth+).
Your rubbery body absorbs attacks. (AC +1, EV +1)
((You are camouflaged when in or above water. (Stealth+)))
You have tentacles for arms and can constrict up to eight enemies at once.


Message History

No target in view!
No target in view!
An iguana is nearby!
You closely miss the iguana. You grab the iguana. You squeeze the iguana!
The iguana is almost dead.
You constrict the iguana. The iguana misses you.
You tentacle-slap the iguana.
You kill the iguana!
You tentacle-slap the goblin but do no damage.
Your grab misses the goblin. You squeeze the goblin.
You kill the goblin!
No target in view!
No target in view!
Things that are here:
a +0 club; an iguana corpse You now have 246 gold pieces (gained 24).
You see here a +0 dagger.
You see here a ball python corpse.
i - 3 potions of curing (gained 1)
A lemure comes into view.
A lemure is nearby!
Found an escape hatch in the ceiling.
A jelly comes into view.
Found a scale mail.
The jelly quivers.
You bludgeon the jelly! The acid corrodes you!
Your tentacles burn!
The jelly is heavily wounded.
The jelly misses you.
You bludgeon the jelly!
Your tentacles burn!
The jelly is almost dead.
The jelly hits you.
You are splashed with acid!
You tentacle-slap the jelly. The acid corrodes you!
Your tentacles burn!
The jelly is almost dead.
The jelly hits you.
You are splashed with acid!
* * * LOW HITPOINT WARNING * * *
The jelly closely misses you.
You bludgeon the jelly!
You kill the jelly!
The lemure attacks as it pursues you! The lemure hits you!
You die...

. ##### ...###### #...#
........### #...##..
<.#...#...#######.....[#
###.###.........#
#....########5# ####...#
#.h.# ###†####.#.#
#..^...#...
#).########.# #..)...##
.# #.####..## .. ...#
##..# # #.### ##.# ...
#.#


You could see a lemure.

Vanquished Creatures
  A jelly (D:4)
  An iguana (D:4)
  6 adders
  2 river rats (D:4)
  3 dart slugs
  An orc (D:3)
  13 ball pythons
  6 endoplasms
  4 giant cockroaches
  7 goblins
  4 hobgoblins
  A jackal (D:1)
  4 quokkas
  6 bats
  8 frilled lizards
  6 kobolds
  9 rats
82 creatures vanquished.

Notes
Turn   | Place    | Note
-------+----------+-------------------------------------------
     0 | D:1      | BubbleThief the Octopode Shapeshifter began the quest for
                  | the Orb.
     0 | D:1      | Reached XP level 1. HP: 13/13 MP: 1/1
    61 | D:1      | Got Kaheit's Folio of Ignition
   112 | D:1      | Reached XP level 2. HP: 18/18 MP: 2/2
   499 | D:1      | Reached XP level 3. HP: 20/24 MP: 3/3
  1095 | D:2      | Reached XP level 4. HP: 29/29 MP: 4/4
  1695 | D:3      | Noticed Grinder
  1806 | D:3      | Found a faded altar of an unknown god.
  2224 | D:3      | Found an iron altar of Okawaru.
  2552 | D:4      | Reached XP level 5. HP: 29/35 MP: 5/5
  2556 | D:4      | Reached skill level 4 in Unarmed Combat
  2611 | D:4      | Found a glowing drain.
  2618 | Sewer    | Entered a sewer
  2661 | Sewer    | Noticed Pargi
  3035 | D:4      | Found a hide-covered altar of Uskayaw.
  3116 | D:4      | Noticed a lemure
  3133 | D:4      | Slain by a lemure

Illustrated notes

Levels and vault maps discovered:
D:1:      dpeg_arrival_rooms_with_view, layout_loops_corners, chequers_jeans
D:2:      layout_loops_ring
D:3:      layout_rooms, okawaru_ov_weapons_minmay,
          chequers_ecumenical_altar_grove, minmay_diced_spiral, uniq_grinder
D:4:      minmay_opposing_rooms, layout_rooms,
          mainiacjoe_overflow_concentric_impassable, portal_sewer_entry_e,
          minmay_curled_crystal, uniq_pikel

Skill      XL: |  1  2  3  4  5 |
---------------+----------------+-----
Fighting       | 2 3 |  3.3
Dodging        | 3 |  3.6
Unarmed Combat | 4 |  4.3
Shapeshifting  | |  3.0

Action                     |  1- 3 |  4- 6 || total
---------------------------+-------+-------++-------
  Melee: Unarmed           |    61 |    92 ||   153
         Constrict         |    19 |    20 ||    39
         Tentacles         |    10 |     9 ||    19
         Punch             |       |     7 ||     7
    Use: Scroll            |       |     7 ||     7
   Stab: Sleeping          |    13 |     8 ||    21
 Armour: Skin              |     3 |     4 ||     7
  Dodge: Dodged            |    30 |    51 ||    81

Table legend: (Time is in decaauts)
 A = Elapsed time spent in this place.
 B = Non-inter-level travel time spent in this place.
 C = Inter-level travel time spent in this place.
 D = Time resting spent in this place.
 E = Time spent auto-exploring this place.
 F = Levels seen in this place.
 G = Mean time per level.
                   A        B        C        D        E       F      G
               +--------+--------+--------+--------+--------+-----+--------+
         Total |   3121 |   3045 |     76 |    219 |   2223 |   5 |  624.2 |
       Dungeon |   2737 |   2661 |     76 |     47 |   2152 |   4 |  684.2 |
         Sewer |    384 |    384 |      0 |    172 |     71 |   1 |  384.0 |
               +--------+--------+--------+--------+--------+-----+--------+

Top non-repeatable levels by time:
     D:1: 933 daAuts
     D:3: 796 daAuts
     D:2: 748 daAuts
   Sewer: 384 daAuts
     D:4: 259 daAuts
